 Dungeon Crawl Stone Soup version 0.19-a0-1170-g18f0c96 (webtiles) character file.

1057 epen the Poker (level 8, 0/55 HPs)
             Began as a Merfolk Monk on Aug 17, 2016.
             Was a Believer of Zin.
             Splashed by a jelly's acid (6 damage)
             ... on level 6 of the Dungeon.
             The game lasted 00:07:52 (5929 turns).

epen the Poker (Merfolk Monk)                       Turns: 5929, Time: 00:07:52

Health: 0/55       AC:  3    Str: 15    XL:     8   Next: 27%
Magic:  19/19      EV: 16    Int:  9    God:    Zin [**....]
Gold:   8          SH:  0    Dex: 17    Spells: 0 memorised, 7 levels left

rFire  . . .     SeeInvis .     a - +0 spear
rCold  + . .     Gourm    .     r - +2 leather armour {rC+}
rNeg   . . .     Faith    .     (no shield)
rPois  .         Spirit   .     (no helmet)
rElec  .         Dismiss  .     w - +0 cloak
rCorr  .         Reflect  .     (no gloves)
MR     .....     Harm     .     j - +0 pair of boots
Stlth  ++........               (no amulet)
                                u - ring of magical power
                                x - +2 ring of strength

@: corroded
A: change form in water, swift swim, deterioration 1, frail 1
a: Recite, Vitalisation, Donate Gold, Renounce Religion


You were on level 6 of the Dungeon.
You worshipped Zin.
Zin was pleased with you.
You were not hungry.

You visited 2 branches of the dungeon, and saw 7 of its levels.

You collected 207 gold pieces.
You spent 194 gold pieces at shops.
You donated 5 gold pieces to Zin.

Inventory:

Hand Weapons
 a - a +0 spear (weapon)
Armour
 b - a +0 robe
 j - a +0 pair of boots (worn)
 r - a +2 leather armour of cold resistance (worn)
 w - a +0 cloak (worn)
Jewellery
 u - a ring of magical power (right hand)
 x - a +2 ring of strength (left hand)
Wands
 p - a wand of flame (23/48)
 t - a wand of random effects (24/48)
Scrolls
 d - a scroll of fear {unknown}
 e - 5 scrolls of remove curse {unknown}
 f - a scroll of random uselessness {unknown}
 g - 3 scrolls of identify {unknown}
 i - a scroll of noise {unknown}
 k - 2 scrolls of enchant weapon {unknown}
 m - 3 scrolls of teleportation
 n - a scroll of magic mapping {unknown}
 q - 2 scrolls of amnesia {unknown}
Potions
 o - 2 potions of brilliance {unknown}
 v - a potion of cancellation {unknown}
 z - a potion of heal wounds {unknown}
 A - a potion of flight {unknown}
 B - a potion of degeneration {unknown}
 C - a potion of agility {unknown}
Comestibles
 c - 4 bread rations
 h - 4 fruits
 l - a royal jelly


   Skills:
 + Level 5.3 Fighting
 + Level 7.5 Polearms
 * Level 3.9 Armour
 + Level 6.4 Dodging
 - Level 2.1 Stealth
 * Level 3.2 Invocations


You had 7 spell levels left.
You didn't know any spells.

Dungeon Overview and Level Annotations

Branches:
Dungeon (6/15)             Temple (1/1) D:5

Altars:
Cheibriados
Elyvilon
Fedhas
Gozag
Hepliaklqana
Kikubaaqudgha
Makhleb
Nemelex Xobeh
Okawaru
Pakellas
Qazlal
Sif Muna
Vehumet
Xom
Zin
The Shining One

Shops:
D:3 *   D:5 :[=?*

Annotations:
D:2 Sigmund


Innate Abilities, Weirdness & Mutations

You revert to your normal form in water.
You are very nimble and swift while swimming.
Your body sometimes deteriorates upon taking damage.
You are frail. (-10% HP)


Message History

You barely miss the jelly.
The jelly is moderately wounded.
Your leather armour prevents you from hitting the jelly.
The jelly is moderately wounded.
The jelly closely misses you.
You hit the jelly.
Your hands burn!
* * * LOW HITPOINT WARNING * * *
The jelly is heavily wounded.
You feel sick. The jelly misses you.
You feel sick.
You are no longer poisoned.
You barely miss the jelly.
The jelly is heavily wounded.
The jelly closely misses you.
You completely miss the jelly.
The jelly is heavily wounded.
The jelly hits you.
* * * LOW HITPOINT WARNING * * *
You are splashed with acid!
The acid corrodes you!
The acid burns!
You die...

#.#########
#.....@Jo.#
#########.#
#.# #o# #.#
#####.#
#.o†..#
#..##.#
#..########


You could see an orc warrior and a jelly.

Vanquished Creatures
  An ice beast (D:5)
  A phantom (D:5)
  An ogre (D:6)
  3 giant frogs (D:6)
  A scorpion (D:4)
  A howler monkey (D:4)
  A centaur zombie (D:5)
  A jelly (D:5)
  A quasit (D:5)
  2 hounds (D:3)
  Crazy Yiuf (D:4)
  An orc priest (D:4)
  2 orc wizards (D:4)
  2 worker ants
  5 adders
  6 gnolls (D:5)
  2 oozes
  4 worms
  An adder skeleton (D:5)
  8 dart slugs
  2 orcs
  2 giant cockroaches
  3 goblins
  8 hobgoblins
  3 jackals
  5 quokkas
  3 bats (D:1)
  7 giant newts
  4 kobolds
  2 quokka skeletons (D:5)
  9 rats
93 creatures vanquished.

Notes
Turn   | Place    | Note
-------+----------+-------------------------------------------
     0 | D:1      | epen the Merfolk Monk began the quest for the Orb.
     0 | D:1      | Reached XP level 1. HP: 18/18 MP: 1/1
    75 | D:1      | Reached XP level 2. HP: 16/24 MP: 2/2
   913 | D:2      | Noticed Sigmund
   929 | D:2      | HP: 1/24 [Sigmund/magic dart (5)]
   931 | D:2      | Gained mutation: You are frail. (-10% HP) [potion of mutation]
   931 | D:2      | Gained mutation: Your body sometimes deteriorates upon taking damage. [potion of mutation]
  1292 | D:2      | Reached skill level 1 in Armour
  1292 | D:2      | Reached XP level 3. HP: 6/26 MP: 3/3
  1981 | D:3      | Reached skill level 5 in Polearms
  1987 | D:3      | Reached XP level 4. HP: 31/33 MP: 4/4
  2327 | D:3      | Reached skill level 5 in Dodging
  2327 | D:3      | Reached XP level 5. HP: 14/37 MP: 5/5
  2632 | D:3      | Found Gozag's Platinum Reserve.
  2635 | D:3      | Found an opulent altar of Gozag.
  2736 | D:4      | Got a brightly glowing scale mail
  2747 | D:4      | Identified the +6 scale mail of the Invisible Hand {MP+9 Int+3 Slay-4} (You found it on level 4 of the Dungeon)
  2774 | D:4      | Found a sparkling altar of Nemelex Xobeh.
  3154 | D:4      | Reached skill level 6 in Polearms
  3154 | D:4      | Reached XP level 6. HP: 29/43 MP: 6/6
  3346 | D:4      | Found a runed door.
  3596 | D:4      | Noticed Crazy Yiuf
  3611 | D:4      | Killed Crazy Yiuf
  3644 | D:5      | Entered Level 5 of the Dungeon
  3920 | D:5      | Found a white marble altar of Elyvilon.
  3939 | D:5      | Reached XP level 7. HP: 44/49 MP: 7/7
  4126 | D:5      | Found Nuqaf's Assorted Antiques.
  4130 | D:5      | Found a staircase to the Ecumenical Temple.
  4149 | D:5      | Bought a notched sapphire ring for 80 gold pieces
  4149 | D:5      | Bought a scroll labeled ECWIOR XUTHAU for 16 gold pieces
  4149 | D:5      | Bought a sedimented puce potion for 14 gold pieces
  4149 | D:5      | Bought a ruby potion for 14 gold pieces
  4149 | D:5      | Bought a cyan potion for 14 gold pieces
  4149 | D:5      | Bought a purple potion for 14 gold pieces
  4155 | Temple   | Entered the Ecumenical Temple
  4368 | Temple   | Became a worshipper of Zin the Law-Giver
  4368 | Temple   | Reached * piety under Zin
  4368 | Temple   | Reached ** piety under Zin
  4547 | D:5      | Found Ypiugesm's Jewellery Emporium.
  4638 | D:5      | Reached skill level 1 in Invocations
  4692 | D:5      | Found Ickery's Magic Scroll Shop.
  4695 | D:5      | Bought a scroll of teleportation for 42 gold pieces
  4725 | D:5      | Found Ulixik's Antique Armour Shoppe.
  4749 | D:5      | Found Mucve's Book Boutique.
  4845 | D:5      | Reached skill level 7 in Polearms
  5405 | D:5      | Reached skill level 5 in Fighting
  5602 | D:6      | Reached XP level 8. HP: 19/55 MP: 10/10
  5929 | D:6      | Splashed by a jelly's acid

Vault maps used:
D:1:      dpeg_arrival_tiny_a
D:2:      first_bread, uniq_sigmund
D:3:      kennysheep_slugbush, nicolae_gozag_zags_fifth_avenue
D:4:      nemelex_xobeh_ov_fountains_minmay, uniq_crazy_yiuf_cottage
D:5:      elyvilon_altar_5, serial_shops, nicolae_shop_trees, shop,
          kennysheep_mini, kennysheep_little_box, shop
D:6:      kennysheep_windowed_halls, kennysheep_mini_moat, uniq_menkaure
Temple:   oiseaux_autumnal_temple

Skill      XL: |  1  2  3  4  5  6  7  8 |
---------------+-------------------------+-----
Armour         | 1 2 3 |  3.9
Polearms       | 5 6 7 |  7.5
Dodging        | 5 6 |  6.4
Fighting       | 4 5 |  5.3
Invocations    | 2 3 |  3.2
Stealth        | |  2.1

Action                   |  1- 3 |  4- 6 |  7- 9 || total
-------------------------+-------+-------+-------++-------
Melee: Spear             |   157 |   267 |   257 ||   681
       Tailslap          |       |     2 |       ||     2
Invok: Vitalisation      |       |       |     1 ||     1
  Use: Potion            |     1 |       |       ||     1
 Stab: Sleeping          |     9 |     7 |     3 ||    19
       Distracted        |     2 |       |       ||     2
  Eat: Chunk             |     3 |     5 |     3 ||    11
       Beef jerky        |       |     1 |       ||     1
       Meat ration       |       |       |     1 ||     1
Armor: Robe              |     8 |    20 |       ||    28
       Leather armour    |       |    22 |    56 ||    78
Dodge: Dodged            |    82 |   157 |   146 ||   385
